 Dungeon Crawl Stone Soup version 0.21.1-1-g345015f (webtiles) character file.

32 theblackcape the Infuser (level 3, -1/31 HPs)
             Began as a Gnoll Wanderer on July 5, 2018.
             Killed themself with a badly aimed iceblast (7 damage)
             ... on level 2 of the Dungeon.
             The game lasted 00:05:59 (952 turns).

theblackcape the Infuser (Gnoll Wanderer)            Turns: 952, Time: 00:06:00

Health: -1/31      AC: 12    Str: 14    XL:     3   Next: 27%
Magic:  0/3        EV: 10    Int: 14    God:
Gold:   109        SH:  0    Dex: 15    Spells: 2/3 levels left

rFire    x . .     SeeInvis .   c - +0 falchion
rCold    + + .     Gourm    .   (no shield)
rNeg     . . .     Faith    .   k - +0 ice dragon scales
rPois    .         Spirit   .   (no helmet)
rElec    .         Reflect  .   (no cloak)
rCorr    .         Harm     .   (no gloves)
MR       .....                  o - +2 pair of boots
Stlth    ..........             (no amulet)
HPRegen  0.10/turn              p - +2 ring of evasion
MPRegen  0.08/turn              (no ring)

@: infused (expiring)
A: distributed training, fangs 1, strong nose
a: no special abilities


You were on level 2 of the Dungeon.
You were not hungry.

You visited 1 branch of the dungeon, and saw 2 of its levels.

You collected 109 gold pieces.

Inventory:

Hand Weapons
 c - a +0 falchion (weapon)
Missiles
 m - 60 sling bullets
Armour
 d - a +0 robe
 k - +0 ice dragon scales (worn)
 o - a +2 pair of boots (worn)
Jewellery
 p - a +2 ring of evasion (left hand)
Wands
 s - a wand of iceblast (11)
Scrolls
 e - 3 scrolls of identify {unknown}
 g - a scroll of random uselessness {unknown}
 h - a scroll of remove curse {unknown}
 i - a scroll of immolation {unknown}
 l - a scroll of teleportation {unknown}
 q - a scroll of blinking {unknown}
Potions
 n - a potion of agility {unknown}
 r - a potion of magic {unknown}
Books
 a - a book of Battle

   Spells                             Type                      Level
   a - Infusion                       Charms                       1
   b - Shroud of Golubria             Charms/Translocation         2
   c - Song of Slaying                Charms                       2
   d - Spectral Weapon                Hexes/Charms                 3
   e - Regeneration                   Charms/Necromancy            3
 b - the Disquisition on Shape Shifting

   Spells                             Type                      Level
   a - Beastly Appendage              Transmutation                1
   b - Ignite Poison                  Fire/Transmutation/Poison    3
Comestibles
 f - 3 rations
 j - a chunk of flesh


   Skills:
 + Level 4.5 Fighting
 + Level 0.6 Short Blades
 + Level 2.5 Long Blades
 + Level 0.6 Axes
 + Level 0.6 Maces & Flails
 + Level 0.6 Polearms
 + Level 0.6 Staves
 + Level 0.6 Slings
 + Level 0.6 Bows
 + Level 0.6 Crossbows
 + Level 2.5 Throwing
 + Level 0.6 Armour
 + Level 0.6 Dodging
 + Level 0.6 Stealth
 + Level 2.5 Shields
 + Level 0.6 Unarmed Combat
 + Level 0.6 Spellcasting
 + Level 0.4 Conjurations
 + Level 0.4 Hexes
 + Level 8.7 Charms
 + Level 0.4 Summonings
 + Level 0.4 Necromancy
 + Level 0.4 Translocations
 + Level 0.4 Transmutations
 + Level 0.4 Fire Magic
 + Level 0.4 Ice Magic
 + Level 0.4 Air Magic
 + Level 0.4 Earth Magic
 + Level 0.4 Poison Magic
 + Level 0.8 Invocations
 + Level 0.6 Evocations


You had 2 spell levels left.
You knew the following spells:

 Your Spells              Type           Power        Failure   Level  Hunger
a - Infusion              Chrm           ####         4%          1    ##.....


Dungeon Overview and Level Annotations

Branches:
Dungeon (2/15)

Altars:

Annotations:
D:2 Sigmund


Innate Abilities, Weirdness & Mutations

Your experience applies equally to all skills.
You have very sharp teeth.
Your uncanny sense of smell can sniff out nearby items.


Message History

You kill the giant cockroach!
Something hits you but does no damage.
Your magical infusion is running out.
There is an escape hatch in the floor here.
You hit something! Your bite misses something. Something hits you.
* * * LOW HITPOINT WARNING * * *
You barely miss something. You bite something.
Something hits you but does no damage.
You closely miss something. You bite something. Something hits you.
* * * LOW HITPOINT WARNING * * *
Aiming: Iceblast
Press: ? - help, Shift-Dir - straight line, f - you That beam is likely to hit you.
Continue anyway?
Okay, then.
Aiming: Iceblast
Press: ? - help, Shift-Dir - straight line That beam is likely to hit you.
Continue anyway?
The mass of ice explodes!
The iceblast engulfs something.
The iceblast engulfs you! You partially resist.
You die...

#...# #...# #...#
#...# #...# #...#
#...# #. #...##
#...##.@..######
+......{.........
#....##....######
#... #.......#
..##....##...###.#
#.### #.##...# #
#.# #.##...# #.#
#.##...#
#.#####.##...#


There were no monsters in sight!

Vanquished Creatures
  A dart slug (D:1)
  A leopard gecko (D:1)
  2 giant cockroaches
  5 hobgoblins (D:1)
  6 kobolds (D:1)
  3 bats
  2 frilled lizards (D:1)
  3 goblins (D:1)
  4 rats (D:1)
27 creatures vanquished.

Notes
Turn   | Place    | Note
-------+----------+-------------------------------------------
     0 | D:1      | theblackcape the Gnoll Wanderer began the quest for the Orb.
     0 | D:1      | theblackcape set off with: a book of Battle, the Disquisition on Shape Shifting, a +0 falchion, a +0 robe, a ration
     0 | D:1      | Reached XP level 1. HP: 20/20 MP: 1/1
     0 | D:1      | Identified the Disquisition on Shape Shifting
    64 | D:1      | Reached XP level 2. HP: 13/26 MP: 2/2
   228 | D:1      | Learned a level 1 spell: Infusion
   517 | D:1      | Reached XP level 3. HP: 29/31 MP: 0/3
   932 | D:2      | Noticed Sigmund
   952 | D:2      | Killed themself with a badly aimed iceblast

Action                   || total
-------------------------++-------
Melee: Falchion          ||    71
       Bite              ||     8
       Punch             ||     1
 Cast: Infusion          ||     3
Armor: Robe              ||     2
       Ice dragon scales ||    45
       Ring mail         ||     3
Dodge: Dodged            ||    43
       Rpst.: Falchion   ||    20
